 Dungeon Crawl Stone Soup version 0.25.0-33-gff14898491 (webtiles) character file.

Game seed: 5167592773319058957

67 Peloso the Skirmisher (level 4, 31/35 HPs)
             Began as a Demonspawn Fighter on July 6, 2020.
             Got out of the dungeon alive.
             The game lasted 00:02:05 (1318 turns).

Peloso the Skirmisher (Demonspawn Fighter)          Turns: 1318, Time: 00:02:06

Health: 31/35      AC:  6    Str: 17    XL:     4   Next: 0%
Magic:  4/4        EV:  7    Int:  9    God:
Gold:   26         SH:  9    Dex: 13    Spells: 3/3 levels left

rFire    . . .     SeeInvis .   a - +0 long sword
rCold    . . .     Gourm    .   c - +0 kite shield
rNeg     . . .     Faith    .   b - +0 scale mail
rPois    .         Spirit   .   (helmet restricted)
rElec    .         Reflect  .   (no cloak)
rCorr    .         Harm     .   (no gloves)
MR       .....                  (no boots)
Stlth    ..........             e - amulet of magic regeneration
HPRegen  0.11/turn              (no ring)
MPRegen  0.34/turn              (no ring)

@: no status effects
A: horns 1, sanguine armour 2
a: no special abilities


You escaped.
You were not hungry.

You visited 1 branch of the dungeon, and saw 2 of its levels.

You collected 26 gold pieces.

Inventory:

Hand Weapons
 a - a +0 long sword (weapon)
Armour
 b - a +0 scale mail (worn)
 c - a +0 kite shield (worn)
Jewellery
 e - an amulet of magic regeneration (around neck)
Scrolls
 g - a scroll of teleportation {unknown}
 h - a scroll of amnesia {unknown}
 j - a scroll of identify {unknown}
 k - 2 scrolls of enchant weapon {unknown}
Potions
 d - 3 potions of might
Comestibles
 f - 3 rations
 i - 5 chunks of flesh


   Skills:
 + Level 3.4 Fighting
 + Level 2.5 Long Blades
 + Level 3.0 Armour
 + Level 0.3 Dodging
 + Level 3.3 Shields


You had 3 spell levels left.
You didn't know any spells.
Your spell library was empty.

Dungeon Overview and Level Annotations

Branches:
Dungeon (2/15)

Altars:


Innate Abilities, Weirdness & Mutations

You have a pair of small horns on your head.
When seriously injured, your bleeding wounds create thick armour. (AC +0)


Message History

You feel sick. The adder bites you. You block the adder's attack.
You hit the adder.
You kill the adder!
You have reached level 4!
You feel agile.
Your demonic ancestry asserts itself...
A pair of horns grows on your head!
(D) Dungeon
Where to? (Enter - D:12, ? - help)
What level of the Dungeon? (default 1, ? - help)
You feel sick.
There is a stone staircase leading up here.
You climb upwards.
You feel sick.
There is a stone staircase leading down here.
You feel sick.
You are no longer poisoned.
You see here a cursed -3 club.
You see here 14 stones.
There is a staircase leading out of the dungeon here.
Are you sure you want to leave the Dungeon?
This will make you lose the game!
You have escaped!

.######.#........................
.## #.################.########
..# #..# #)# #.# #..## ##.# ###
#.## #.#.#### ####.## #.. #..#
#.##...### ###...## #.# ##.#
#.####...###...### #.# #.## #.#
##.....(.## #.# #..# #.#
###.@.### #.# ##.# #.#
##.......## #.# #.#
#.####...###...##########.#
#.###.##...### ###...##........
#..##.#.#### ####.#....)...
##.##).## ##......... #..#.##
#......... ##.#.# ##........
#.#.# #........


There were no monsters in sight!

Vanquished Creatures
  An adder (D:2)
  A dart slug (D:1)
  3 leopard geckos
  4 giant cockroaches (D:1)
  5 goblins (D:1)
  7 hobgoblins
  6 jackals (D:1)
  9 kobolds
  6 bats
  3 frilled lizards (D:1)
  5 rats
50 creatures vanquished.

Notes
Turn   | Place    | Note
-------+----------+-------------------------------------------
     0 | D:1      | Peloso the Demonspawn Fighter began the quest for the Orb.
     0 | D:1      | Reached XP level 1. HP: 18/18 MP: 1/1
    81 | D:1      | Gained mutation: When seriously injured, your bleeding
                  | wounds create armour. (AC +0) [demonic ancestry]
    81 | D:1      | Reached XP level 2. HP: 24/24 MP: 2/2
   344 | D:1      | Gained mutation: When seriously injured, your bleeding
                  | wounds create thick armour. (AC +0) [demonic ancestry]
   344 | D:1      | Reached XP level 3. HP: 24/29 MP: 3/3
  1298 | D:2      | Gained mutation: You have a pair of small horns on your
                  | head. [demonic ancestry]
  1298 | D:2      | Reached XP level 4. HP: 32/35 MP: 4/4
  1318 | D:$      | Got out of the dungeon alive.

Illustrated notes

Levels and vault maps discovered:
D:1:      dpeg_arrival_simpleton_a, layout_basic, serial_bayou_ford_a,
          minmay_box_of_dots
D:2:      layout_loops_ring, uniq_crazy_yiuf_cottage

Skill      XL: |  1  2  3 |
---------------+----------+-----
Long Blades    | 2 |  2.5
Shields        | 3 |  3.3
Armour         | 3 |  3.0
Fighting       | |  3.4
Dodging        | |  0.3

Action                   |  1- 3 |  4- 6 || total
-------------------------+-------+-------++-------
Melee: Long sword        |   145 |       ||   145
  Use: Potion            |     1 |       ||     1
  Eat: Chunk             |     2 |       ||     2
Armor: Scale mail        |    74 |       ||    74
Dodge: Dodged            |    56 |       ||    56
Block: Kite shield       |   100 |       ||   100
       Rpst.: Long sword |    13 |       ||    13
